 Dungeon Crawl Stone Soup version 0.20.0-7-g3b7b877 (webtiles) character file.

42009 Gorglomux the Fighter (level 13, -1/128 HPs)
             Began as a Deep Dwarf Abyssal Knight on May 29, 2017.
             Was a Believer of Makhleb.
             Slain by a polar bear (21 damage)
             ... on level 4 of the Lair of Beasts.
             The game lasted 01:03:08 (16441 turns).

Gorglomux the Fighter (Deep Dwarf Abyssal Knight)  Turns: 16441, Time: 01:03:08

Health: -1/128     AC: 17    Str: 19    XL:     13   Next: 83%
Magic:  9/9        EV: 14    Int: 13    God:    Makhleb [**....]
Gold:   727        SH:  8    Dex: 16    Spells: 16/16 levels left

rFire    . . .     SeeInvis .   b - +3 hand crossbow of Charity {elec, MR+ MP+9 Stlth+}
rCold    . . .     Gourm    .   r - +1 shield
rNeg     . . .     Faith    +   t - +3 scale mail "Nubisk" {Str+2}
rPois    +         Spirit   .   F - +2 helmet
rElec    +         Reflect  .   l - +0 cloak "Dinycuq" {*Slow rElec Regen+ Slay+6}
rCorr    .         Harm     .   (no gloves)
MR       ++...                  (no boots)
Stlth    +.........             U - amulet of faith
Regen    0.0/turn               o - ring of poison resistance
MPRegen  0.2/turn               y - +3 ring of slaying

@: non-regenerating
A: damage resistance, heal wounds, sense surroundings 2, no regeneration
a: Heal Wounds, Minor Destruction, Renounce Religion


You were on level 4 of the Lair of Beasts.
You worshipped Makhleb.
Makhleb was pleased with you.
You were not hungry.

You visited 3 branches of the dungeon, and saw 18 of its levels.
You visited the Abyss 1 time.
You also visited: Labyrinth, Sewer and Ossuary.

You collected 990 gold pieces.
You spent 263 gold pieces at shops.

Inventory:

Hand Weapons
 b - the +3 hand crossbow of Charity (weapon) {elec, MR+ MP+9 Stlth+}
   (You bought it in a shop on level 7 of the Dungeon)

   It charges the ammunition it shoots with electricity; occasionally upon a
   hit, such missiles may discharge and cause terrible harm.
   It affects your resistance to hostile enchantments.
   It affects your magic capacity (+9).
   It makes you more stealthy.
 g - a +0 war axe
Missiles
 p - 120 bolts (quivered)
 Z - a throwing net
Armour
 l - the +0 cloak "Dinycuq" (worn) {*Slow rElec Regen+ Slay+6}
   (You found it on level 9 of the Dungeon)

   It affects your accuracy and damage with ranged weapons and melee attacks
   (+6).
   It insulates you from electricity.
   It increases your rate of regeneration.
   It may slow you when you take damage.
 r - a +1 shield (worn)
 t - the +3 scale mail "Nubisk" (worn) {Str+2}
   (You found it on level 5 of the Dungeon)

   It affects your strength (+2).
 F - a +2 helmet (worn)
Jewellery
 f - an uncursed ring of protection from fire
 o - a ring of poison resistance (left hand)
 y - a +3 ring of slaying (right hand)
 U - an amulet of faith (around neck)
Wands
 n - a wand of paralysis (13/24)
 q - a wand of digging (9/24)
 s - a wand of lightning (4/15)
 w - a wand of digging (15/24)
 A - a wand of acid (4/15)
 E - a wand of enslavement (5/24)
 I - a wand of iceblast (7/15)
 L - a wand of lightning (11/15)
 P - a wand of paralysis (18/24)
 V - a wand of digging (14/24)
Scrolls
 e - a scroll of enchant armour
 k - a scroll of fear
 m - a scroll of holy word
 B - 7 scrolls of blinking
 G - 6 scrolls of remove curse
 H - 3 scrolls of recharging
 J - 3 scrolls of fog
 M - 2 scrolls of magic mapping
 R - 2 scrolls of identify
 T - 5 scrolls of teleportation
 W - 4 scrolls of enchant weapon
Potions
 a - a potion of magic
 h - a potion of mutation {!q}
 i - 4 potions of might
 u - 2 potions of resistance
 v - 2 potions of invisibility
 x - 2 potions of haste
 K - 6 potions of lignification
 N - 2 potions of agility
 O - 2 potions of heal wounds
 Q - 6 potions of curing
 S - 2 potions of flight
 X - 5 potions of cancellation
 Y - a potion of berserk rage
Comestibles
 c - 15 bread rations
 j - 9 royal jellies
 z - 7 meat rations
 C - 8 fruits


   Skills:
 + Level 11.9 Fighting
 + Level 10.5 Axes
 - Level 8.1 Crossbows
 - Level 11.1 Armour
 - Level 10.9 Dodging
 - Level 2.0 Spellcasting
 + Level 10.5 Invocations
 + Level 6.1 Evocations


You had 16 spell levels left.
You didn't know any spells.

Dungeon Overview and Level Annotations

Branches:
Dungeon (13/15)            Temple (1/1) D:7            Lair (4/6) D:11
  Swamp (0/4) Lair:2        Snake (0/4) Lair:2          Orc (0/2) D:9
 Vaults (0/5) D:13

Altars:
Ashenzari
Dithmenos
Elyvilon
Fedhas
Gozag
Makhleb
Nemelex Xobeh
Okawaru
Qazlal
Ru
Sif Muna
Trog
Uskayaw
Yredelemnul
The Shining One

Shops:
D:4 }   D:7 (

Annotations:
D:10 corrupted, Maurice
Abyss:1 Azrael, Blork the orc, Erolcha


Innate Abilities, Weirdness & Mutations

You are resistant to damage.
You can heal yourself by infusing magical energy.
You passively map the area around you.
You do not regenerate.


Message History

You block the four-headed hydra's attack.
The four-headed hydra misses you.
The four-headed hydra bites you but does no damage.
Unknown command.
Firing (i - inventory. (,) - cycle):
p - 122 bolts (quivered)
Press: ? - help, Shift-Dir - straight line, f/p - polar bear
Aim: a polar bear (almost dead, berserk, fast, unusually strong)
You shoot a bolt. The bolt hits the four-headed hydra!!
Lightning courses through the four-headed hydra!
You kill the four-headed hydra!
Makhleb accepts your kill.
Your Evocations skill increases to level 6!
Unknown command.
Firing (i - inventory. (,) - cycle):
p - 121 bolts (quivered)
Press: ? - help, Shift-Dir - straight line, f/p - polar bear
Aim: a polar bear (severely wounded, berserk, fast, unusually strong)
You shoot a bolt. The bolt hits the polar bear!
The polar bear is almost dead.
You block the polar bear's attack. x3; The polar bear bites you!!
You die...

........#..###................#..
..........##.................P###
..........♣.♣##..............##
.........♣.♣.♣.♣.♣........####
................[..........##
.........♣..(....♣..........##
..................(.......##.##
.........♣.......♣........#...###
................@h..P............
.........♣.......♣...............
.................♣♣......#.......
.........♣.♣.♣>♣.♣...............
...................#.......... *
....P...............#.....#....
....(........PP...#.............
........#P...P..♣♣♣♣♣♣♣..#..P♣..
.P......##.###.♣♣* ,♣♣...##...


You could see a polar bear (berserk).

Vanquished Creatures
  Gastronok (Lair:1)
  A tentacled starspawn (Lair:1)
  A minotaur (Lab)
  Harold (Lair:1)
  5 hydras
  2 centaur warriors
  5 two-headed ogres
  A death yak (Lair:4)
  The ghost of ThereIsNoGod the Severer, a novice MiGl of Makhleb (D:8)
  Sonja (Lair:3)
  A deep elf knight (D:13)
  Nergalle (Lair:1)
  A wretched star (Lair:1)
  3 deep elf magi
  4 ugly things
  A manticore (D:11)
  3 cyclopes
  4 elephants (Lair:3)
  Joseph (D:10)
  3 spiny frogs
  A torpor snail (Lair:4)
  4 yaktaurs (D:13)
  2 komodo dragons
  A tengu conjurer (D:13)
  A troll (D:13)
  An ancient zyme (Lab)
  A merfolk (D:10)
  7 hippogriffs
  5 blink frogs (Lair:2)
  2 wraiths
  2 shadows (D:12)
  28 yaks
  A large abomination (Lab)
  2 vampires
  3 fire elementals (D:12)
  A wyvern (D:10)
  2 basilisks
  3 hungry ghosts
  Grum (D:9)
  3 vampire mosquitoes (D:13)
  3 nagas (Lair:2)
  2 water moccasins
  An acid dragon (D:11)
  4 porcupines
  5 hell hounds (D:12)
  An orc warrior (D:7)
  2 sky beasts
  2 eyes of draining
  3 phantoms
  A black bear (D:11)
  9 ogres
  2 wolves (D:9)
  3 centaurs
  6 crocodiles
  6 big kobolds
  12 bullfrogs
  A wyvern zombie (D:11)
  7 scorpions
  3 killer bees (D:13)
  15 wights
  6 howler monkeys
  5 crimson imps
  2 bullfrog zombies
  2 centaur zombies
  A quasit (D:9)
  4 orc priests
  4 hounds
  2 jellies
  A human zombie (Ossuary)
  4 bullfrog skeletons
  4 orc wizards
  5 iguanas
  4 hell rats
  12 worker ants
  A big kobold zombie (Ossuary)
  3 mummies (Ossuary)
  A worker ant zombie (D:5)
  2 howler monkey zombies
  4 gnolls (D:7)
  2 howler monkey skeletons
  11 adders
  3 river rats (D:5)
  A shadow imp (D:10)
  An ooze (D:7)
  2 adder skeletons (D:5)
  An adder zombie (D:9)
  3 worms
  A dart slug (D:2)
  4 leopard geckos
  26 orcs
  3 ball pythons
  7 giant cockroaches
  8 goblins
  6 hobgoblins
  8 jackals
  4 quokkas
  17 bats
  2 frilled lizards
  3 goblin zombies (Ossuary)
  3 hobgoblin zombies (Ossuary)
  31 kobolds
  2 kobold zombies (Ossuary)
  A quokka skeleton (D:4)
  A quokka zombie (D:4)
  8 rats
  A rat zombie (D:4)
  3 fungi
  9 plants
  A starspawn tentacle (Lair:1)
440 creatures vanquished.

Vanquished Creatures (others)
  An ogre mage (D:13)
  An unseen horror (D:10)
  A kobold demonologist (D:13)
  A yaktaur (D:13)
  A yak (D:13)
  A black bear (D:7)
  2 centaurs
  A crocodile (Sewer)
  A bullfrog (D:10)
  5 wights (D:10)
  4 howler monkeys
  A bullfrog zombie (D:8)
  An orc wizard (D:10)
  An iguana (D:10)
  A worker ant (D:10)
  An adder skeleton (D:6)
  A leopard gecko (D:10)
  5 orcs
  A bat (D:3)
  A hobgoblin (D:2)
  A goblin zombie (Ossuary)
  5 fungi
  2 starspawn tentacles (Lair:1)
40 creatures vanquished.

Grand Total: 480 creatures vanquished

Notes
Turn   | Place    | Note
-------+----------+-------------------------------------------
     0 | Abyss:1  | Gorglomux the Deep Dwarf Abyssal Knight began the quest for the Orb.
     0 | Abyss:1  | Reached XP level 1. HP: 20/20 MP: 2/2
    45 | Abyss:1  | Noticed a blizzard demon
    46 | D:1      | Escaped the Abyss
   227 | D:1      | Reached XP level 2. HP: 24/27 MP: 3/3
   309 | D:1      | Reached * piety under Lugonu
   329 | D:1      | Reached skill level 3 in Fighting
   834 | D:2      | Reached XP level 3. HP: 24/34 MP: 4/4
   863 | D:2      | Reached skill level 3 in Armour
  1182 | D:2      | Reached skill level 3 in Axes
  1279 | D:2      | Reached XP level 4. HP: 42/42 MP: 5/5
  1395 | D:3      | Reached ** piety under Lugonu
  1470 | D:3      | Noticed a bullfrog
  1488 | D:3      | Killed a bullfrog
  1488 | D:3      | Reached XP level 5. HP: 32/49 MP: 6/6
  1628 | D:3      | Noticed a hand axe
  1628 | D:3      | Noticed a dagger
  1631 | D:3      | Found a hide-covered altar of Uskayaw.
  1852 | D:3      | Noticed a centaur
  1979 | D:3      | Found a deep blue altar of Sif Muna.
  2145 | D:4      | Noticed an ogre
  2193 | D:4      | Noticed an ogre
  2310 | D:4      | Reached skill level 3 in Dodging
  2339 | D:4      | Noticed an ogre
  2348 | D:4      | Killed an ogre
  2348 | D:4      | Reached XP level 6. HP: 28/57 MP: 7/7
  2463 | D:4      | Found Jesicw's Gadget Shop.
  2628 | D:4      | Found a sand-covered staircase.
  2661 | Ossuary  | Entered an ossuary
  2661 | Ossuary  | Noticed a wraith
  2661 | Ossuary  | Noticed a wraith
  2661 | Ossuary  | Noticed a wraith
  2732 | Ossuary  | Reached *** piety under Lugonu
  2887 | Ossuary  | Reached XP level 7. HP: 51/64 MP: 7/7
  2899 | Ossuary  | Noticed a wraith
  3035 | Ossuary  | Killed a wraith
  3382 | D:5      | Entered Level 5 of the Dungeon
  3448 | D:5      | Found a stormy altar of Qazlal.
  3497 | D:5      | Reached skill level 1 in Evocations
  3528 | D:5      | Reached XP level 8. HP: 35/73 MP: 7/7
  3694 | D:5      | Found a glowing drain.
  3726 | Sewer    | Entered a sewer
  3887 | D:5      | Found a glowing golden altar of the Shining One.
  3891 | D:5      | Found a shadowy altar of Dithmenos.
  3894 | D:5      | Reached **** piety under Lugonu
  3920 | D:5      | Reached skill level 6 in Armour
  4146 | D:6      | Reached skill level 3 in Evocations
  4436 | D:6      | Reached skill level 6 in Dodging
  4483 | D:6      | Noticed Blork the orc
  4487 | D:6      | Banished Blork the orc
  4942 | D:5      | Got a slimy scale mail
  4953 | D:5      | Identified the +3 scale mail "Nubisk" {Str+2} (You found it on level 5 of the Dungeon)
  5042 | D:7      | Gained mutation: You passively map the area around you. [Deep Dwarf growth]
  5042 | D:7      | Reached XP level 9. HP: 68/82 MP: 8/8
  5125 | D:7      | Reached skill level 6 in Fighting
  5280 | D:7      | Found a sacrificial altar of Ru.
  5322 | D:7      | Found a shattered altar of Ashenzari.
  5418 | D:7      | Found a staircase to the Ecumenical Temple.
  5510 | D:7      | Found Kutwuekk's Antique Weapon Shop.
  5517 | D:7      | Bought a jewelled hand crossbow for 263 gold pieces
  5517 | D:7      | Identified the cursed +3 hand crossbow of Charity {elec, MR+ MP+9 Stlth+} (You bought it in a shop on level 7 of the Dungeon)
  6298 | D:7      | Reached ***** piety under Lugonu
  6355 | D:7      | Reached skill level 1 in Crossbows
  6644 | D:8      | Noticed ThereIsNoGod's ghost (novice MiGl)
  7098 | D:8      | Killed ThereIsNoGod's ghost
  7098 | D:8      | Reached skill level 3 in Crossbows
  7219 | D:9      | Got a smoking cloak
  7225 | D:9      | Identified the cursed +0 cloak "Dinycuq" {*Slow rElec Regen+ Slay+6} (You found it on level 9 of the Dungeon)
  7240 | D:9      | Noticed a green ugly thing
  7240 | D:9      | Reached XP level 10. HP: 64/94 MP: 9/9
  7376 | D:9      | Killed a green ugly thing
  7472 | D:9      | Found a staircase to the Orcish Mines.
  7509 | D:9      | Noticed Grum
  7522 | D:9      | Killed Grum
  7642 | D:9      | Found an iron altar of Okawaru.
  7851 | D:10     | Entered Level 10 of the Dungeon
  7892 | D:10     | Corrupted D:10
  7892 | D:10     | Noticed a glowing orange brain
  7892 | D:10     | Noticed an ancient lich
  7892 | D:10     | Noticed a thrashing horror
  7892 | D:10     | Noticed a smoke demon
  7892 | D:10     | Noticed a guardian serpent
  7892 | D:10     | Noticed a large abomination
  7893 | D:10     | Noticed a hell hog
  7893 | D:10     | Noticed a lich
  7894 | D:10     | Noticed a thrashing horror
  7995 | D:10     | Killed an unseen horror
  8014 | D:10     | Noticed a starcursed mass
  8180 | D:10     | Reached skill level 9 in Armour
  8226 | D:10     | Noticed a two-headed ogre
  8229 | D:10     | Noticed Joseph
  8243 | D:10     | Killed a two-headed ogre
  8271 | D:10     | Killed Joseph
  8271 | D:10     | Reached skill level 9 in Dodging
  8706 | D:10     | Noticed a deep elf mage
  8708 | D:10     | Noticed Erolcha
  8726 | D:10     | Banished Erolcha
  8767 | D:10     | Noticed Maurice
  9005 | D:10     | Reached skill level 6 in Crossbows
  9005 | D:10     | Reached XP level 11. HP: 104/104 MP: 4/4
  9096 | D:10     | Killed a deep elf mage
  9257 | D:11     | Noticed a two-headed ogre
  9261 | D:11     | Killed a two-headed ogre
  9553 | D:11     | Noticed a two-headed ogre
  9559 | D:11     | Killed a two-headed ogre
  9647 | D:11     | Found a staircase to the Lair.
  9756 | D:11     | Noticed a four-headed hydra
  9760 | D:11     | Killed a four-headed hydra
  9923 | D:11     | Reached skill level 9 in Fighting
  9962 | D:12     | Noticed a green ugly thing
  9967 | D:12     | Killed a green ugly thing
  9969 | D:12     | Noticed a green ugly thing
 10079 | D:12     | Killed a green ugly thing
 10354 | D:12     | Noticed a centaur warrior
 10358 | D:12     | Killed a centaur warrior
 10779 | D:12     | Reached skill level 3 in Invocations
 10782 | D:12     | Noticed Azrael
 10794 | D:12     | Reached XP level 12. HP: 59/115 MP: 5/5
 10838 | D:12     | Banished Azrael
 11349 | D:13     | Reached skill level 6 in Axes
 11429 | D:13     | Noticed a two-headed ogre
 11430 | D:13     | Noticed an ogre mage
 11442 | D:13     | Killed an ogre mage
 11457 | D:13     | Noticed a two-headed ogre
 11475 | D:13     | Reached skill level 6 in Invocations
 11498 | D:13     | Killed a two-headed ogre
 11551 | D:13     | Killed a two-headed ogre
 11564 | D:13     | Found a gate to the Vaults.
 11605 | D:13     | Noticed a centaur warrior
 11659 | D:13     | Reached ****** piety under Lugonu
 11908 | D:13     | Killed a centaur warrior
 12369 | Temple   | Entered the Ecumenical Temple
 12588 | Temple   | Fell from the grace of Lugonu
 12588 | Temple   | Became a worshipper of Makhleb the Destroyer
 12853 | Lair:1   | Entered Level 1 of the Lair of Beasts
 12853 | Lair:1   | Noticed Harold
 12886 | Lair:1   | Killed Harold
 12952 | Lair:1   | Noticed Gastronok
 13029 | Lair:1   | Found a labyrinth entrance.
 13075 | Lab      | Entered a labyrinth
 13813 | Lab      | Noticed a minotaur
 13824 | Lab      | Killed a minotaur
 13824 | Lab      | Reached XP level 13. HP: 113/126 MP: 2/2
 13829 | Lab      | Got a vibrating garnet amulet
 13834 | Lab      | Identified the amulet "Ezeker" {+Rage Int+3} (You found it in a labyrinth)
 13839 | Lab      | Got an ancient ivory ring
 13841 | Lab      | Identified the cursed ring of Xom's Benevolence {rPois Int+2 Dex-3} (You found it in a labyrinth)
 13878 | Lair:1   | Killed Gastronok
 13878 | Lair:1   | Reached skill level 9 in Invocations
 13974 | Lair:1   | Noticed a tentacled starspawn
 13983 | Lair:1   | Killed a tentacled starspawn
 14047 | Lair:1   | Reached skill level 9 in Axes
 14062 | Lair:1   | Noticed Nergalle
 14074 | Lair:1   | Killed Nergalle
 14074 | Lair:1   | Reached * piety under Makhleb
 14501 | Lair:1   | HP: 4/127 [large abomination[the touch of Lugonu] (4)]
 14638 | Lair:2   | Found a staircase to the Swamp.
 14703 | Lair:2   | Found a staircase to the Snake Pit.
 15560 | Lair:3   | Noticed Sonja
 15567 | Lair:3   | Killed Sonja
 15567 | Lair:3   | Reached skill level 1 in Spellcasting
 15571 | Lair:3   | Reached ** piety under Makhleb
 16018 | Lair:3   | HP: 5/128 [elephant (11)]
 16286 | Lair:4   | Noticed a starcursed mass
 16440 | Lair:4   | Reached skill level 6 in Evocations
 16441 | Lair:4   | Slain by a polar bear

Skill      XL: |  1  2  3  4  5  6  7  8  9 10 11 12 13 |
---------------+----------------------------------------+-----
Fighting       | 3 4 5 7 8 9 10 11 | 11.9
Armour         | 3 4 5 6 8 9 10 11 | 11.1
Dodging        | 2 3 4 6 7 9 10 | 10.9
Axes           | 3 4 5 8 10 | 10.5
Evocations     | 1 4 5 6 |  6.1
Crossbows      | 3 6 8 |  8.1
Invocations    | 3 8 10 | 10.5
Spellcasting   | 2 |  2.0

Action                   |  1- 3 |  4- 6 |  7- 9 | 10-12 | 13-15 || total
-------------------------+-------+-------+-------+-------+-------++-------
Melee: Hand axe          |    62 |       |       |       |       ||    62
       Dagger            |    47 |   152 |    42 |       |       ||   241
       Trident           |       |       |   221 |   363 |       ||   584
       War axe           |       |       |       |    77 |   313 ||   390
 Fire: Hand crossbow     |       |       |    75 |   210 |     8 ||   293
Throw: Throwing net      |       |       |       |     3 |       ||     3
Invok: Depart the Abyss  |     1 |       |       |       |       ||     1
       Banish            |       |       |       |     3 |       ||     3
       Corrupt           |       |       |       |     1 |       ||     1
       Minor Destruction |       |       |       |       |     4 ||     4
 Abil: Heal Wounds       |     1 |     6 |    15 |    41 |    15 ||    78
Evoke: Wand              |       |       |     2 |     6 |    18 ||    26
  Use: Scroll            |       |       |    17 |    15 |    14 ||    46
       Potion            |       |       |       |     3 |     6 ||     9
 Stab: Paralysed         |       |       |     7 |    13 |     2 ||    22
  Eat: Chunk             |     1 |     5 |    15 |    15 |     8 ||    44
       Meat ration       |       |       |       |     3 |       ||     3
Armor: Leather armour    |    24 |    28 |    26 |       |       ||    78
       Scale mail        |       |       |    46 |   161 |   121 ||   328
       Skin              |       |       |       |    27 |    45 ||    72
Dodge: Dodged            |    59 |    82 |   186 |   324 |   201 ||   852
Block: Shield            |       |       |       |    12 |   153 ||   165
